 Dungeon Crawl Stone Soup version 0.26-a0-664-gc8b27b8fc1 (webtiles) character file.

Game seed: 18298850238089991327

49 PentaManta the Sneak (level 3, 0/18 HPs)
             Began as a Spriggan Brigand on Oct 12, 2020.
             Slain by an orc
             ... wielding a +0 mace
              (7 damage)
             ... on level 2 of the Dungeon.
             The game lasted 00:01:51 (1160 turns).

PentaManta the Sneak (Spriggan Brigand)             Turns: 1160, Time: 00:01:51

Health: 0/18       AC:  3    Str:  7    XL:     3   Next: 53%
Magic:  4/4        EV: 18    Int: 12    God:
Gold:   90         SH:  0    Dex: 18    Spells: 2/2 levels left

rFire    . . .     SeeInvis +   a - +2 dagger
rCold    . . .     Faith    .   (shield restricted)
rNeg     . . .     Spirit   .   b - +0 robe
rPois    .         Reflect  .   (helmet restricted)
rElec    .         Harm     .   c - +0 cloak
rCorr    .         Rampage  .   (gloves unavailable)
MR       .....                  (boots unavailable)
Stlth    ++++......             j - amulet of magic regeneration (curse)
HPRegen  0.06/turn              (no ring)
MPRegen  0.34/turn              (no ring)

@: very quick
A: very small, unfitting armour, see invisible, speed 3
a: no special abilities


You were on level 2 of the Dungeon.
You visited 1 branch of the dungeon, and saw 2 of its levels.

You collected 90 gold pieces.

Inventory:

Hand Weapons
 a - a +2 dagger (weapon)
Missiles
 d - 16 poisoned darts (quivered)
 e - 2 curare-tipped darts
Armour
 b - a +0 robe (worn)
 c - a +0 cloak (worn)
Jewellery
 j - a cursed amulet of magic regeneration (around neck)
 l - an uncursed ring of poison resistance {unknown}
Scrolls
 f - a scroll of blinking {unknown}
 i - a scroll of noise {unknown}
 k - a scroll of remove curse {unknown}
Potions
 g - a potion of might {unknown}
 h - a potion of stabbing {unknown}


   Skills:
 - Level 1.5 Fighting
 + Level 3.1 Short Blades
 - Level 2.0 Throwing
 + Level 3.1 Dodging
 + Level 6.7 Stealth


You had 2 spell levels left.
You didn't know any spells.
Your spell library was empty.

Dungeon Overview and Level Annotations

Branches:
Dungeon (2/15)

Altars:
Elyvilon


Innate Abilities, Weirdness & Mutations

You are very small and have problems with some larger weapons.
You are too small for most types of armour.
You have supernaturally acute eyesight. (SInv)
You cover ground extremely quickly.


Message History

You are too injured to fight recklessly!
You are too injured to fight recklessly!
You are too injured to fight recklessly!
You are too injured to fight recklessly!
You are too injured to fight recklessly!
You are too injured to fight recklessly!
You are too injured to fight recklessly!
You are too injured to fight recklessly!
You are too injured to fight recklessly!
You are too injured to fight recklessly!
You closely miss the orc.
The orc is moderately wounded.
The orc closely misses you.
You hit the orc.
The orc is almost dead.
The orc hits you with a +0 short sword.
You hit the orc.
You kill the orc!
You hit the orc but do no damage. The orc hits you with a +0 mace!
You die...

#.# #.#.# #.#
####### ....... ###
....... #.. .......
#.# .....o⌠ ##
#.##...l...
##...#####..#.......
.......@o...'...⌠..⌠
##...####..##.......
... #......#.......
# #.##...#......⌠
#.###.##....... #.#
#.# !...... #.# #.#
....... #.# #.#
#######
#######.###.## #..


You could see an orc.

Vanquished Creatures
  An adder (D:2)
  An ooze (D:1)
  2 worms (D:2)
  A leopard gecko (D:2)
  2 orcs (D:2)
  3 ball pythons
  2 bats
  4 giant cockroaches
  2 goblins (D:1)
  2 hobgoblins (D:1)
  6 frilled lizards
  2 rats (D:1)
28 creatures vanquished.

Notes
Turn   | Place    | Note
-------+----------+-------------------------------------------
     0 | D:1      | PentaManta the Spriggan Brigand began the quest for the
                  | Orb.
     0 | D:1      | Reached XP level 1. HP: 10/10 MP: 2/2
   143 | D:1      | Reached skill level 6 in Stealth
   397 | D:1      | Reached XP level 2. HP: 14/14 MP: 3/3
   866 | D:2      | Found a white marble altar of Elyvilon.
   885 | D:2      | Reached XP level 3. HP: 18/18 MP: 4/4
  1160 | D:2      | Slain by an orc

Illustrated notes

Levels and vault maps discovered:
D:1:      minmay_arrival_solitary_statue, layout_loops_ring,
          chequers_hall_statues_corner_a
D:2:      layout_loops_ring, elyvilon_altar_5, kennysheep_generic_room_2

Skill      XL: |  1  2  3 |
---------------+----------+-----
Stealth        | 6 |  6.7
Dodging        | 2 3 |  3.1
Short Blades   | 3 |  3.1
Fighting       | |  1.5
Throwing       | |  2.0

Action                   || total
-------------------------++-------
Melee: Dagger            ||    95
 Stab: Sleeping          ||     8
Armor: Robe              ||     6
Dodge: Dodged            ||    56

Table legend: (Time is in decaauts)
 A = Elapsed time spent in this place.
 B = Non-inter-level travel time spent in this place.
 C = Inter-level travel time spent in this place.
 D = Time resting spent in this place.
 E = Time spent auto-exploring this place.
 F = Levels seen in this place.
 G = Mean time per level.
                   A        B        C        D        E       F      G
               +--------+--------+--------+--------+--------+-----+--------+
         Total |    827 |    824 |      3 |      0 |    650 |   2 |  413.5 |
       Dungeon |    827 |    824 |      3 |      0 |    650 |   2 |  413.5 |
               +--------+--------+--------+--------+--------+-----+--------+

Top non-repeatable levels by time:
     D:1: 610 daAuts
     D:2: 217 daAuts
